 Dungeon Crawl Stone Soup version 0.26.1-2-gb8aa6d0cf2 (webtiles) character file.

Game seed: 4179099931625890270

66 Amaterasu the Slasher (level 3, -4/28 HPs)
             Began as a Demonspawn Gladiator on Feb 15, 2021.
             Killed from afar by Sigmund (7 damage)
             ... with a magic dart
             ... on level 3 of the Dungeon.
             The game lasted 00:01:49 (1817 turns).

Amaterasu the Slasher (Demonspawn Gladiator)        Turns: 1817, Time: 00:01:50

Health: -4/28      AC:  5    Str: 15    XL:     3   Next: 96%
Magic:  3/3        EV: 13    Int:  9    God:
Gold:   115        SH:  0    Dex: 16    Spells: 2/2 levels left

rFire    + . .     SeeInvis .   a - +0 long sword
rCold    . . .     Faith    .   (no shield)
rNeg     . . .     Spirit   .   b - +0 leather armour
rPois    .         Reflect  .   c - +1 helmet
rElec    .         Harm     .   (no cloak)
rCorr    .         Rampage  .   (no gloves)
Will     .....                  (no boots)
Stlth    ++........             (no amulet)
HPRegen  0.09/turn              (no ring)
MPRegen  0.08/turn              (no ring)

@: slowed, very slow
A: thin skeletal structure 1, fire resistance 1
a: no special abilities


You were on level 3 of the Dungeon.
You visited 1 branch of the dungeon, and saw 3 of its levels.

You collected 115 gold pieces.

Inventory:

Hand Weapons
 a - a +0 long sword (weapon)
Missiles
 d - 3 throwing nets (quivered)
Armour
 b - a +0 leather armour (worn)
 c - a +1 helmet (worn)
Scrolls
 e - a scroll of teleportation
 k - a scroll of magic mapping
 n - a scroll of fog
Potions
 f - a potion of heal wounds
 g - a potion of haste {unknown}
 h - 2 potions of lignification {unknown}
 i - a potion of brilliance {unknown}
 j - a potion of ambrosia {unknown}
 l - a potion of mutation {unknown}
 o - a potion of curing {unknown}


   Skills:
 * Level 2.7 Fighting
 * Level 4.1 Long Blades
 - Level 1.7 Throwing
 - Level 2.6 Dodging


You had 2 spell levels left.
You didn't know any spells.
Your spell library was empty.

Dungeon Overview and Level Annotations

Branches:
Dungeon (3/15)

Altars:
Elyvilon

Annotations:
D:3 Natasha, Sigmund


Innate Abilities, Weirdness & Mutations

You have a somewhat thin skeletal structure. (Dex +2, Stealth)
Your flesh is heat resistant. (rF+)


Message History

Sigmund shouts!
Sigmund points at you and mumbles some strange words.
The puff of flame hits you. You resist.
A frilled lizard comes into view.
Sigmund casts a spell at you. The magic dart hits you!
Natasha zaps a wand.
The puff of flame hits you. You resist.
It was a potion of heal wounds.
You feel much better.
The frilled lizard hisses angrily.
Sigmund hits you from afar with a +0 scythe!
Natasha claws you.
Natasha zaps a wand.
The puff of flame misses you. Natasha casts a spell at you.
You feel yourself slow down. Sigmund gestures at you while chanting.
The magic dart hits you!
* * * LOW HITPOINT WARNING * * *
Sigmund casts a spell at you. The magic dart hits you!
You die...

#. #.# #.### #.#.##
#.#)######...
#######..†.<.......
.........†.......$
#####.###....####.<..
#.........@...# ...
#.#..?..#.###.# .
#.........# .#
#.#.⌠.⌠.#.###.##
#.....@hl.......
..#.....#.###.##
....._....#
..#.$...#.#
...........


You could see Sigmund, Natasha and a frilled lizard.

Vanquished Creatures
  2 adders (D:2)
  A dart slug (D:2)
  2 leopard geckos (D:2)
  3 giant cockroaches
  6 hobgoblins
  7 kobolds
  A quokka (D:3)
  3 ball pythons
  5 bats
  2 frilled lizards (D:1)
  4 goblins
  10 rats
46 creatures vanquished.

Notes
Turn   | Place    | Note
-------+----------+-------------------------------------------
     0 | D:1      | Amaterasu the Demonspawn Gladiator began the quest for the
                  | Orb.
     0 | D:1      | Reached XP level 1. HP: 16/16 MP: 1/1
   108 | D:1      | Reached skill level 3 in Long Blades
   202 | D:1      | Gained mutation: Your flesh is heat resistant. (rF+)
                  | [demonic ancestry]
   202 | D:1      | Reached XP level 2. HP: 17/22 MP: 2/2
   784 | D:2      | Gained mutation: You have a somewhat thin skeletal
                  | structure. (Dex +2, Stealth) [demonic ancestry]
   784 | D:2      | Reached XP level 3. HP: 21/28 MP: 3/3
  1269 | D:2      | Reached skill level 4 in Long Blades
  1806 | D:3      | Found a white marble altar of Elyvilon.
  1807 | D:3      | Noticed Sigmund
  1808 | D:3      | Noticed Natasha
  1817 | D:3      | Killed from afar by Sigmund

Illustrated notes

Levels and vault maps discovered:
D:1:      dpeg_arrival_round_a, layout_rooms
D:2:      layout_loops_ring
D:3:      layout_loops_corners, elyvilon_altar_5,
          nicolae_overflow_hidden_temple, minmay_misc_feat_alley,
          skrybe_limestone_x, minivault_26, uniq_grinder, uniq_sigmund,
          uniq_natasha

Skill      XL: |  1  2  3 |
---------------+----------+-----
Long Blades    | 3 4 |  4.1
Fighting       | |  2.7
Throwing       | |  1.7
Dodging        | |  2.6

Action                   || total
-------------------------++-------
Melee: Long sword        ||   113
  Use: Scroll            ||     5
       Potion            ||     1
 Stab: Sleeping          ||     4
Armor: Leather armour    ||    31
Dodge: Dodged            ||    81
       Rpst.: Long sword ||    20
